 Dungeon Crawl Stone Soup version 0.30-a0-587-gfd7c166f36 (webtiles) character file.

Game seed: 4151350996226204396

7891 Bnni the Skirmisher (level 11, -8/86 HPs)
             Began as a Formicid Hexslinger on Jan 4, 2023.
             Was a Believer of Dithmenos.
             Killed from afar by Lodul (35 damage)
             ... with a bolt of lightning
             ... on level 10 of the Dungeon.
             The game lasted 00:19:35 (10366 turns).

Bnni the Skirmisher (Formicid Hexslinger)          Turns: 10366, Time: 00:19:36

Health: -8/86      AC:  5    Str: 15    XL:     11   Next: 45%
Magic:  14/17      EV: 14    Int: 15    God:    Dithmenos [**....]
Gold:   104        SH:  0    Dex: 16    Spells: 7/18 levels left

rFire   + . .      SeeInvis +    a - +2 longbow (freeze)
rCold   . . .      Faith    +    (no shield)
rNeg    . . .      Spirit   .    c - +0 robe
rPois   .          Reflect  .    (helmet unavailable)
rElec   .          Harm     .    (no cloak)
rCorr   .          Rampage  .    H - +0 pair of gloves
Will    +....                    e - +1 pair of boots
Stlth   ++                       m - amulet of faith
HPRegen 0.34/turn                d - ring of protection from fire
MPRegen 0.15/turn                F - +4 ring of slaying

@: wreathed by umbra
A: permanent stasis, dig shafts and tunnels, antennae 3, four strong arms
a: Dig, Shaft Self, Renounce Religion, Shadow Step


You were on level 10 of the Dungeon.
You worshipped Dithmenos.
Dithmenos was pleased with you.
You visited 2 branches of the dungeon, and saw 11 of its levels.

You collected 481 gold pieces.
You spent 377 gold pieces at shops.

Inventory:

Hand Weapons
 a - a +2 longbow of freezing (weapon)
 o - a +2 dagger of venom
 O - a +1 antimagic sling
Missiles
 l - 6 poisoned darts
 E - a throwing net
 G - 2 curare-tipped darts
Armour
 c - a +0 robe (worn)
 e - a +1 pair of boots (worn)
 H - a +0 pair of gloves (worn)
Jewellery
 d - a ring of protection from fire (left hand)
 m - an amulet of faith (around neck)
 F - a +4 ring of slaying (right hand)
 J - a +6 ring of intelligence
Wands
 y - a wand of acid (10)
 z - a wand of mindburst (20)
 A - a wand of roots (15)
 I - a wand of charming (10)
 L - a wand of flame (8)
Scrolls
 b - 3 scrolls of poison
 g - a scroll of enchant armour
 i - 2 scrolls of enchant weapon {unknown}
 j - 3 scrolls of magic mapping
 k - 2 scrolls of teleportation {unknown}
 q - 2 scrolls of fear
 s - 2 scrolls of vulnerability {unknown}
 C - 2 scrolls of amnesia
 K - a scroll of fog
 M - a scroll of immolation {unknown}
 N - a scroll of noise {unknown}
Potions
 f - a potion of curing
 h - 3 potions of attraction
 n - a potion of lignification {unknown}
 p - 2 potions of berserk rage {unknown}
 r - a potion of ambrosia {unknown}
 t - 3 potions of magic
 u - a potion of might {unknown}
 v - 2 potions of flight
 w - a potion of degeneration {unknown}
 x - 2 potions of heal wounds {unknown}
 B - 3 potions of invisibility {unknown}
 D - a potion of mutation {unknown}
 Q - a potion of experience {unknown}


   Skills:
 + Level 7.8 Fighting
 * Level 10.6 Ranged Weapons
 + Level 5.5 Dodging
 - Level 4.0 Spellcasting
 - Level 10.0 Hexes
 - Level 3.0 Translocations
 - Level 3.0 Fire Magic
 + Level 1.6 Invocations


You had 7 spell levels left.
You knew the following spells:

 Your Spells              Type           Power      Damage    Failure   Level
a - Slow                  Hex            100%       N/A       1%          1
b - Inner Flame           Hex/Fire       22%        N/A       3%          3
c - Portal Projectile     Hex/Tloc       44%        N/A       3%          3
d - Cause Fear            Hex            16%        N/A       3%          4

Your spell library contained the following spells:

 Spells                   Type           Power      Damage    Failure   Level
 Gell's Gravitas          Tloc           12%        N/A       16%         3
 Lesser Beckoning         Tloc           24%        N/A       16%         3
 Teleport Other           Tloc           12%        N/A       16%         3
 Kindle Blastsparks       Fire/Tloc/Air  18%        2d11      24%         3
 Cigotuvi's Dreadful Rot  Necr/Pois/Air  6%         N/A       26%         2
 Poisonous Vapours        Pois/Air       6%         N/A       26%         2
 Ignite Poison            Fire/Tmut/Pois 6%         N/A       34%         3
 Mephitic Cloud           Conj/Pois/Air  3%         N/A       47%         3
 Stone Arrow              Conj/Erth      6%         3d7       47%         3
 Animate Armour           Summ/Erth      6%         N/A       87%         4
 Animate Dead             Necr           3%         N/A       87%         4
 Freezing Cloud           Conj/Ice/Air   1%         6-21      99%         5
 Haunt                    Necr/Summ      1%         N/A       100%        7
 Infestation              Necr           1%         N/A       100%        8
 Lehudib's Crystal Spear  Conj/Erth      1%         10d2      100%        8


Dungeon Overview and Level Annotations

Branches:
Dungeon (10/15)            Temple (1/1) D:6            Lair (0/5) D:10
    Orc (0/2) D:9

Altars:
Ashenzari
Cheibriados
Dithmenos
Elyvilon
Fedhas
Hepliaklqana
Kikubaaqudgha
Makhleb
Nemelex Xobeh
Okawaru
Qazlal
Ru
Sif Muna
Trog
Uskayaw
Vehumet
Wu Jian
Xom
Yredelemnul
Zin
The Shining One

Shops:
D:5 *   D:8 *:(!

Annotations:
D:10 1 runed translucent door, Lodul
Temple 2 transporters


Innate Abilities, Weirdness & Mutations

You cannot be hasted, slowed, berserked, paralysed or teleported.
You can dig through walls and to a lower floor.
You have a pair of large antennae on your head. (SInv)
Your four strong arms can wield two-handed weapons with a shield.


Message History

Press: ? - help, Shift-Dir - straight line, f/p - black bear
Aim: a black bear (almost dead, slow, umbra, 76% to hit)
You shoot an arrow. The arrow hits the black bear!
The arrow freezes the black bear.
You kill the black bear!
Dithmenos accepts your kill.
You start resting.
You sense a monster nearby.
You start resting.
Lodul the Thundrous comes into view.
He is wielding a +0 dire flail and carrying a wand of charming (6).
Casting: Slow (safe; 1% risk of failure)
Confirm with . or Enter, or press ? or * to list all spells.
Aiming: Inner Flame (mildly dangerous; 3% risk of failure)
Press: ? - help, Dir - move target, f - Lodul
Aim: Lodul, wielding a +0 dire flail and carrying a wand of charming (6) (wandering, hasn't noticed you, chance to affect: 62%) Lodul shouts!
Lodul is filled with an inner flame.
You hear a shout!
You shoot an arrow. The arrow hits Lodul.
Flame seeps out of Lodul.
The arrow freezes Lodul.
Flame seeps out of Lodul.
Lodul is lightly wounded.
Lodul is engulfed in blazing flames.
Flame seeps out of Lodul.
Lodul zaps a wand.
You resist with almost no effort.
You shoot an arrow. The arrow hits Lodul.
Flame seeps out of Lodul.
The arrow freezes Lodul.
Flame seeps out of Lodul.
Lodul is moderately wounded.
Lodul is engulfed in blazing flames.
Flame seeps out of Lodul.
Electricity crackles from Lodul's apparatus.
The bolt of lightning hits you!!
You are too injured to fight recklessly!
Fire: a) +2 longbow (freeze)
Press: ? - help, Shift-Dir - straight line, f/p - Lodul
Aim: Lodul, wielding a +0 dire flail and carrying a wand of charming (5) (flame, heavily wounded, inner flame, 79% to hit)
You shoot an arrow. The arrow hits Lodul!
Flame seeps out of Lodul.
The arrow freezes Lodul.
Flame seeps out of Lodul.
Lodul is severely wounded.
Lodul is engulfed in blazing flames.
Flame seeps out of Lodul.
Electricity crackles from Lodul's apparatus.
The bolt of lightning hits you!!
You die...

#.# ####.######
#.........###
###.##.........
... ##..###.###
##..#...###.#
.........##.#
.......[###.#
........†@..#
.......†#####
.....♣..#
.....O...
........P
.>.......
..........
.......


You could see Lodul (inner flame).

Vanquished Creatures
  The ghost of kuniqs the Destroyer, a novice DsCj of Vehumet (D:8)
  An ugly thing (D:10)
  Joseph (D:10)
  A komodo dragon (D:10)
  A troll (D:10)
  Grinder (D:3)
  A hornet (D:9)
  Sigmund (D:3)
  A shadow (D:10)
  2 wyverns (D:10)
  4 yaks (D:10)
  2 basilisks (D:10)
  A steam dragon (D:8)
  2 vampire mosquitoes (D:10)
  4 water moccasins
  2 ice beasts
  An orc warrior (D:8)
  A sky beast (D:6)
  A wolf (D:10)
  An ogre (D:6)
  3 black bears
  A centaur (D:9)
  A phantom (D:5)
  2 kobold brigands
  5 bullfrogs
  8 scorpions
  7 wights
  11 killer bees
  A howler monkey (D:10)
  5 hounds
  6 orc priests
  A jelly (D:5)
  Terence (D:3)
  3 iguanas
  4 orc wizards
  Robin (D:3)
  3 gnolls (D:5)
  8 adders
  2 shadow imps
  2 white imps
  An ufetubus (D:4)
  A worm (D:3)
  2 dart slugs
  26 orcs
  5 endoplasms
  3 giant cockroaches
  15 hobgoblins
  4 jackals
  5 quokkas
  8 ball pythons
  3 bats (D:1)
  A frilled lizard (D:3)
  15 goblins
  17 kobolds
  8 rats
219 creatures vanquished.

Vanquished Creatures (others)
  5 bushes (D:10)
  6 fungi (D:10)
  19 plants (D:10)
30 creatures vanquished.

Grand Total: 249 creatures vanquished

Notes
Turn   | Place    | Note
-------+----------+-------------------------------------------
     0 | D:1      | Bnni the Formicid Hexslinger began the quest for the Orb.
     0 | D:1      | Reached XP level 1. HP: 15/15 MP: 2/2
   207 | D:1      | Reached XP level 2. HP: 21/21 MP: 3/3
   564 | D:1      | Reached skill level 1 in Fire Magic
   568 | D:1      | Reached XP level 3. HP: 24/26 MP: 5/5
   580 | D:1      | Learned a level 3 spell: Inner Flame
  1136 | D:2      | Reached XP level 4. HP: 27/32 MP: 6/6
  1213 | D:2      | Found a faded altar of an unknown god.
  1980 | D:3      | Noticed Terence
  2038 | D:3      | Noticed Sigmund
  2108 | D:3      | Killed Sigmund
  2109 | D:3      | Reached skill level 5 in Hexes
  2109 | D:3      | Reached XP level 5. HP: 28/38 MP: 3/8
  2109 | D:3      | Reached XP level 6. HP: 33/44 MP: 3/9
  2154 | D:2      | Learned a level 4 spell: Cause Fear
  2306 | D:3      | Noticed Robin
  2315 | D:3      | Killed Robin
  2559 | D:3      | Noticed Grinder
  2561 | D:3      | Killed Terence
  2662 | D:3      | Killed Grinder
  2663 | D:3      | Reached XP level 7. HP: 36/51 MP: 7/10
  2727 | D:3      | Learned a level 3 spell: Portal Projectile
  2811 | D:3      | Found a faded altar of an unknown god.
  2813 | D:3      | Found a hazy altar of Hepliaklqana.
  2813 | D:3      | Found a faded altar of an unknown god.
  3306 | D:4      | Reached skill level 1 in Translocations
  3550 | D:4      | Reached XP level 8. HP: 44/58 MP: 12/12
  3552 | D:4      | Identified the +2 robe of Pessimism {Rampage Int-5 Stlth+}
  3739 | D:4      | Reached skill level 5 in Ranged Weapons
  3977 | D:5      | Entered Level 5 of the Dungeon
  4146 | D:5      | HP: 2/58 [spore (12)]
  4621 | D:5      | Found Voyry's Specific Store.
  4624 | D:5      | Found Urrep's General Store.
  4868 | D:5      | Bought a +0 pair of gloves for 45 gold pieces
  4914 | D:6      | Reached XP level 9. HP: 65/65 MP: 10/14
  5944 | D:6      | Found a staircase to the Ecumenical Temple.
  5953 | Temple   | Entered the Ecumenical Temple
  5953 | Temple   | Found a transporter.
  5953 | Temple   | Found a transporter.
  5955 | Temple   | Found a transporter.
  5955 | Temple   | Found a transporter.
  5973 | Temple   | Became a worshipper of Dithmenos the Shadowed
  6590 | D:7      | Reached skill level 5 in Fighting
  6772 | D:8      | Found Tiamaixo's General Store.
  6789 | D:8      | Found Umoenwa's Antique Weapon Shoppe.
  6821 | D:8      | Reached * piety under Dithmenos
  7039 | D:8      | Found Efucze's Distillery.
  7114 | D:8      | Reached XP level 10. HP: 74/74 MP: 3/16
  7268 | D:8      | Bought a runed longbow for 332 gold pieces
  7281 | D:8      | Found Melov's Book Shoppe.
  7654 | D:8      | Found a large runed translucent door.
  7654 | D:8      | Found a large runed translucent door.
  7656 | D:8      | Noticed kuniqs's ghost (novice DsCj)
  7883 | D:8      | Killed kuniqs's ghost
  8081 | D:9      | Found a staircase to the Orcish Mines.
  8115 | D:9      | Found a glowing golden altar of the Shining One.
  8361 | D:9      | HP: 3/74 [hornet (1)]
  8656 | D:9      | Reached ** piety under Dithmenos
  9104 | D:10     | Entered Level 10 of the Dungeon
  9251 | D:10     | Noticed a komodo dragon
  9266 | D:10     | Killed a komodo dragon
  9267 | D:10     | Reached XP level 11. HP: 56/83 MP: 1/17
  9409 | D:10     | Reached skill level 10 in Hexes
  9558 | D:10     | Reached skill level 5 in Dodging
  9686 | D:10     | Noticed a red ugly thing
  9696 | D:10     | Reached skill level 10 in Ranged Weapons
  9714 | D:10     | Killed a red ugly thing
  9960 | D:10     | Found a runed translucent door.
  9962 | D:10     | Found a radiant altar of Vehumet.
  9967 | D:10     | Found a sacrificial altar of Ru.
  9970 | D:10     | Found a shimmering altar of Xom.
  9970 | D:10     | Found an ancient bone altar of Kikubaaqudgha.
  9978 | D:10     | Found a shimmering blue altar of Sif Muna.
 10008 | D:10     | Noticed Joseph
 10013 | D:10     | Killed Joseph
 10184 | D:10     | Reached skill level 1 in Invocations
 10207 | D:10     | Found a staircase to the Lair.
 10208 | D:10     | Identified the +1 ring mail of Servitude {Will+}
 10362 | D:10     | Noticed Lodul
 10366 | D:10     | Killed from afar by Lodul

Illustrated notes

Levels and vault maps discovered:
D:1:      dpeg_chamrin_arrival_tetris, layout_basic, st_stairs_14,
          grunt_decor_mini_mirrors
D:2:      minmay_wonky_spiral, layout_loops_ring,
          hellmonk_ecumenical_altar_zigzags
D:3:      layout_rooms, nicolae_hepliaklqana_ecumenical_no_more, uniq_grinder,
          uniq_robin, uniq_sigmund, uniq_terence
D:4:      layout_gridville, minmay_bent
D:5:      layout_rooms, nicolae_specific_store
D:6:      layout_loops_corners, lemuel_temple_firewalk_b
D:7:      layout_basic
D:8:      layout_loops_ring, ebering_ghost_disaster_area, serial_shops,
          nicolae_stop_n_shop_1, nicolae_shop_advertising_works
          [nicolae_subvault_shop_adworks], nicolae_shop_hallway_stairs,
          nicolae_shop_trees
D:9:      layout_loops_ring, tso_metal_star, orc_0_dummy
D:10:     layout_loops_corners, nicolae_overflow_hallway_of_the_gods,
          minmay_lair_entry_grove, ebering_ghost_reflecting_pool,
          minmay_starry_boxes, uniq_lodul, uniq_joseph, uniq_amaemon
Temple:   hellmonk_temple_divided_pantheon

Skill      XL: |  1  2  3  4  5  6  7  8  9 10 11 |
---------------+----------------------------------+-----
Fire Magic     | 1 2 3 |  3.0
Hexes          | 4 5 6 7 9 10 | 10.0
Fighting       | 2 3 4 5 6 7 |  7.8
Ranged Weapons | 3 4 5 7 9 10 | 10.6
Spellcasting   | 2 3 4 |  4.0
Translocations | 1 3 |  3.0
Dodging        | 3 4 5 |  5.5
Invocations    | 1 |  1.6

Action                   |  1- 3 |  4- 6 |  7- 9 | 10-12 || total
-------------------------+-------+-------+-------+-------++-------
Melee: Dagger            |    20 |       |       |       ||    20
 Fire: Sling             |   105 |   167 |   336 |    14 ||   622
       Longbow           |       |       |       |   208 ||   208
Throw: Throwing net      |       |       |       |     2 ||     2
 Cast: Inner Flame       |       |     8 |    36 |    13 ||    57
       Slow              |       |     4 |     4 |    11 ||    19
       Portal Projectile |       |       |       |     4 ||     4
       Cause Fear        |       |       |       |    10 ||    10
 Abil: Dig               |       |       |     2 |       ||     2
  Use: Potion            |       |       |     5 |     1 ||     6
       Scroll            |       |       |     6 |     4 ||    10
Armor: Robe              |    33 |    32 |    34 |    16 ||   115
Dodge: Dodged            |    70 |    89 |   104 |   130 ||   393

Table legend: (Time is in decaauts)
 A = Elapsed time spent in this place.
 B = Non-inter-level travel time spent in this place.
 C = Inter-level travel time spent in this place.
 D = Time resting spent in this place.
 E = Time spent auto-exploring this place.
 F = Levels seen in this place.
 G = Mean time per level.
                   A        B        C        D        E       F      G
               +--------+--------+--------+--------+--------+-----+--------+
         Total |  10523 |  10108 |    415 |   1764 |   6513 |  11 |  956.6 |
       Dungeon |  10488 |  10085 |    403 |   1764 |   6507 |  10 | 1048.8 |
        Temple |     34 |     22 |     12 |      0 |      6 |   1 |   34.0 |
               +--------+--------+--------+--------+--------+-----+--------+

Top non-repeatable levels by time:
     D:8: 1443 daAuts
    D:10: 1287 daAuts
     D:2: 1239 daAuts
     D:6: 1138 daAuts
     D:1: 1065 daAuts
     D:5: 936 daAuts
     D:4: 929 daAuts
     D:9: 914 daAuts
     D:3: 832 daAuts
     D:7: 701 daAuts
  Temple: 34 daAuts
